Map: Fields of Death

Players

Duncan - Winner!

  • Race: Protoss Protoss

EdibleDXX - Winner!

  • Race: Terran Terran

A.I. 2 (Hard)

  • Race: Terran Terran

A.I. 3 (Hard)

  • Race: Terran Terran

VOD

Have the link to the VOD?

Description

Time

  • Played on: Dec. 22, 2015, 2:04 p.m.
  • Length: 29:26
Show
View Real Time Build Order
Export as new Build Order

Duncan Protoss - Winner!

Build Orders:  

Get SALT Encoding   

  12  0:04  Probe (Chrono Boost)  
  13  0:19  Probe (Chrono Boost)  
  14  0:29  Pylon  
  14  0:34  Pylon  
  14  0:38  Probe (Chrono Boost)  
  15  0:52  Gateway  
  15  1:02  Gateway  
  15  1:08  Assimilator  
  15  1:49  Cybernetics Core  
  15  1:59  Nexus  
  15  2:22  Probe (Chrono Boost)  
  16  2:33  Probe (Chrono Boost), Warp Gate  
  17  2:41  Assimilator  
  17  2:48  Forge  
  17  2:51  Pylon  
  17  3:05  Probe (Chrono Boost)  
  18  3:11  Probe (Chrono Boost)  
  19  3:15  Probe (Chrono Boost)  
  20  3:21  Probe (Chrono Boost)  
  20  3:26  Probe (Chrono Boost)  
  22  3:32  Probe (Chrono Boost)  
  23  3:43  Probe (Chrono Boost)  
  23  3:45  Pylon  
  24  3:53  Probe (Chrono Boost)  
  25  4:06  Photon Cannon  
  25  4:07  Photon Cannon  
  25  4:11  Photon Cannon  
  25  4:13  Photon Cannon  
  25  4:16  Photon Cannon  
  25  4:24  Photon Cannon  
  25  4:25  Photon Cannon  
  25  4:31  Photon Cannon  
  25  4:49  Probe (Chrono Boost), Robotics Facility  
  27  5:00  Probe (Chrono Boost)  
  27  5:08  Twilight Council  
  27  5:09  Probe (Chrono Boost)  
  28  5:18  Protoss Shields Level 1 (Chrono Boost)  
  28  5:19  Probe  
  29  5:26  Assimilator  
  29  5:30  Probe  
  30  5:52  Assimilator  
  30  5:55  Probe  
  31  6:05  Probe  
  32  6:16  Probe  
  33  6:25  Robotics Facility  
  33  6:27  Probe  
  34  6:37  Probe  
  35  6:40  Pylon  
  35  6:44  Pylon  
  35  7:12  Stargate  
  35  7:16  Immortal (Chrono Boost)  
  35  7:19  Immortal (Chrono Boost)  
  43  7:33  Stargate  
  47  7:51  Immortal (Chrono Boost)  
  47  7:54  Immortal (Chrono Boost)  
  51  8:06  Protoss Ground Weapons Level 1  
  51  8:16  Fleet Beacon  
  51  8:26  Immortal (Chrono Boost)  
  55  8:28  Immortal (Chrono Boost)  
  59  9:00  Immortal (Chrono Boost)  
  59  9:01  Tempest  
  59  9:02  Immortal (Chrono Boost)  
  71  9:04  Tempest  
  75  9:55  Pylon  
  75  9:58  Pylon  
  75  10:01  Protoss Ground Armor Level 1  
  75  10:03  Pylon  
  75  10:07  Pylon  
  75  10:13  Tempest x2  
  83  11:38  Nexus  
  83  11:43  Assimilator  
  83  11:48  Assimilator  
  83  12:04  Immortal (Chrono Boost)  
  83  12:06  Immortal (Chrono Boost)  
  83  12:07  Tempest  
  95  12:09  Tempest  
  99  12:27  Pylon  
  99  12:35  Pylon  
  99  12:38  Immortal (Chrono Boost)  
  99  12:40  Immortal (Chrono Boost), Pylon  
  107  12:50  Tempest  
  111  12:51  Tempest  
  111  12:52  Probe  
  116  13:02  Protoss Air Weapons Level 1  
  116  13:03  Probe  
  117  13:32  Tempest  
  121  13:34  Tempest  
  125  14:02  Protoss Ground Weapons Level 2 (Chrono Boost)  
  125  14:15  Tempest  
  129  14:17  Tempest  
  133  14:41  Protoss Air Armor Level 1  
  133  14:58  Tempest  
  137  15:00  Tempest  
  141  15:41  Tempest  
  145  15:43  Tempest  
  149  16:04  Protoss Ground Armor Level 2 (Chrono Boost)  
  149  16:12  Nexus  
  148  16:49  Tempest  
  144  17:23  Tempest  
  100  18:02  Protoss Shields Level 2 (Chrono Boost)  
  84  20:51  Protoss Air Weapons Level 2  
  84  21:00  Tempest  
  84  21:03  Tempest  
  92  21:27  Assimilator  
  92  21:33  Assimilator  
  92  21:43  Tempest  
  92  21:45  Tempest  
  100  22:25  Tempest  
  100  22:28  Tempest  
  108  22:49  Protoss Air Armor Level 2  
  108  23:08  Tempest  
  108  23:11  Tempest  
  116  23:51  Tempest  
  116  23:54  Tempest  
Show
View Real Time Build Order
Export as new Build Order

EdibleDXX Terran - Winner!

Build Orders:  

Get SALT Encoding   

  12  0:03  SCV  
  13  0:15  SCV  
  13  0:20  Supply Depot  
  14  0:28  SCV, Refinery  
  15  0:48  Barracks  
  15  0:50  Refinery  
  15  0:52  SCV  
  16  1:09  Engineering Bay  
  16  1:21  SCV  
  17  1:36  Barracks Tech Lab  
  17  1:48  Orbital Command  
  17  1:56  Marine  
  18  2:13  Factory  
  18  2:14  Marine  
  19  2:20  Missile Turret  
  19  2:50  Command Center  
  19  2:59  Starport  
  19  3:02  Marine  
  20  3:15  Supply Depot  
  20  3:16  SCV  
  21  3:20  Marine  
  22  3:35  SCV  
  22  3:38  Marine  
  24  3:43  Factory Tech Lab  
  24  3:47  SCV  
  25  3:50  Refinery  
  25  3:55  Terran Infantry Armor Level 1  
  25  3:56  Factory  
  25  3:57  Stimpack  
  25  4:00  Starport Tech Lab  
  25  4:06  Siege Tank  
  28  4:22  Orbital Command  
  28  4:31  SCV  
  29  4:40  Factory Tech Lab  
  29  4:43  SCV  
  30  4:50  SCV  
  31  4:55  Marine  
  31  4:56  SCV, Refinery  
  33  5:05  Liberator  
  33  5:08  SCV  
  34  5:16  Missile Turret  
  34  5:20  SCV  
  38  5:44  Siege Tank x2  
  44  6:24  Supply Depot  
  44  6:28  Liberator  
  44  6:46  Siege Tank x2  
  53  6:47  Supply Depot  
  53  7:07  SCV  
  54  7:09  SCV  
  55  7:16  Supply Depot  
  55  7:19  SCV  
  55  7:21  SCV  
  57  7:28  Siege Tank, Raven  
  62  7:38  SCV x2, Siege Tank  
  67  7:49  Supply Depot  
  67  7:50  SCV x2  
  69  8:02  SCV  
  70  8:11  SCV, Raven, Supply Depot  
  73  8:13  Supply Depot  
  73  8:14  SCV  
  74  8:23  SCV  
  75  8:32  Marine  
  76  8:34  Supply Depot, Siege Tank x2  
  82  8:47  Sensor Tower  
  82  8:50  Marine  
  82  8:54  Raven  
  85  8:59  Corvid Reactor  
  85  9:00  Supply Depot  
  85  9:07  Terran Infantry Weapons Level 1  
  85  9:08  Marine  
  86  9:10  Siege Tank x2  
  92  9:24  Supply Depot  
  92  9:25  Marine  
  93  9:37  Raven  
  95  9:42  Siege Tank  
  95  9:43  Marine  
  99  9:46  Supply Depot  
  99  9:56  Siege Tank  
  102  10:11  Supply Depot  
  102  10:12  Command Center  
  102  10:14  Siege Tank  
  102  10:17  Explosive Shrapnel Shells  
  105  10:26  Viking  
  105  10:28  Siege Tank  
  110  10:31  SCV x2  
  112  10:42  Refinery  
  112  10:43  SCV x2  
  112  10:47  Refinery  
  114  10:55  SCV x2  
  114  10:56  Viking  
  118  11:00  Siege Tank x2  
  124  11:07  SCV x2  
  126  11:19  SCV  
  127  11:26  Viking, Orbital Command  
  127  11:28  Marine  
  127  11:32  Siege Tank x2  
  136  11:45  Marine  
  137  11:52  Armory  
  137  11:56  Viking  
  137  12:00  SCV x3  
  142  12:03  Marine  
  142  12:04  Siege Tank x2  
  142  12:06  Fusion Core  
  149  12:18  Supply Depot  
  149  12:28  High Capacity Fuel Tanks  
  149  12:29  Infernal Pre-Igniter  
  149  12:32  Combat Shields  
  149  12:39  SCV x3, Viking, Marine  
  149  12:42  Supply Depot  
  149  12:43  Terran Ship Weapons Level 1  
  155  12:44  Terran Infantry Weapons Level 2  
  155  12:51  SCV x2  
  157  12:59  Marine  
  157  13:00  SCV  
  159  13:07  Supply Depot  
  159  13:18  Medivac  
  156  13:30  Supply Depot  
  156  13:42  Weapon Refit  
  156  13:54  Engineering Bay  
  156  14:03  Drilling Claws  
  156  14:04  Mag-Field Accelerator  
  156  14:07  Advanced Ballistics  
  156  14:20  Armory  
  156  14:37  Terran Vehicle Weapons Level 1  
  156  14:51  Refinery  
  156  15:00  Terran Infantry Armor Level 2  
  156  15:23  Behemoth Reactor  
  156  15:28  Terran Infantry Weapons Level 3  
  156  15:32  Hyperflight Rotors  
  156  15:35  Concussive Shells  
  156  15:42  Terran Ship Weapons Level 2  
  156  15:55  Battlecruiser  
  162  16:19  Orbital Command  
  162  16:23  Refinery  
  162  16:31  Terran Vehicle And Ship Armor Level 1  
  162  16:59  Battlecruiser  
  157  17:38  Terran Infantry Armor Level 3  
  157  18:05  Hi-Sec Auto Tracking  
  157  18:25  Terran Vehicle Weapons Level 2  
  157  18:26  Siege Tank  
  160  18:30  Battlecruiser  
  166  18:58  Siege Tank  
  166  19:30  Siege Tank  
  169  19:34  Battlecruiser  
  175  20:02  Siege Tank  
  163  20:34  Siege Tank  
  166  20:38  Battlecruiser  
  172  20:57  Terran Vehicle Weapons Level 3  
  172  21:02  Building Armor  
  172  21:11  Terran Vehicle And Ship Armor Level 2  
  170  21:42  Battlecruiser  
  153  22:47  Battlecruiser  
  145  23:51  Battlecruiser  
  151  24:00  Siege Tank x2  
  147  24:55  Battlecruiser  
  153  25:03  Siege Tank  
  153  25:04  Siege Tank  
  159  25:12  Refinery  
  159  25:17  Refinery  
  159  25:26  Refinery x2  
  159  25:36  Siege Tank x2  
  165  25:59  Battlecruiser  
  171  26:08  Siege Tank x2  
  177  26:38  Terran Ship Weapons Level 3  
  177  26:40  Siege Tank x2  
  177  26:41  Neosteel Frame  
  177  26:42  Terran Vehicle And Ship Armor Level 3  
  183  26:48  Cloaking Field  
  183  27:04  Battlecruiser  
  189  27:12  Siege Tank x2  
Show
View Real Time Build Order
Export as new Build Order

A.I. 2 (Hard) Terran 

Build Orders: Bio Tank, MMM Bio 

Get SALT Encoding   

  12  0:01  SCV  
  13  0:13  SCV  
  14  0:18  Supply Depot  
  14  0:25  SCV  
  15  0:40  SCV  
  16  0:43  Barracks  
  16  0:50  Refinery  
  16  0:52  SCV  
  18  1:04  SCV  
  18  1:16  SCV  
  19  1:21  Supply Depot  
  19  1:28  SCV  
  19  1:30  Marine  
  21  1:41  Barracks, Orbital Command  
  21  1:48  Marine  
  21  1:50  Refinery  
  22  2:07  Supply Depot, Barracks Tech Lab  
  22  2:25  Marine  
  23  2:31  Marine  
  24  2:43  Marine  
  25  2:48  Supply Depot  
  25  2:49  Marine  
  26  2:54  SCV  
  27  3:01  Marine  
  28  3:06  SCV  
  28  3:09  Engineering Bay  
  29  3:18  SCV  
  29  3:19  Marauder  
  32  3:21  Supply Depot  
  32  3:30  SCV  
  33  3:41  Marauder  
  35  3:42  SCV  
  36  3:54  SCV  
  37  4:02  Marauder  
  39  4:23  Marauder  
  41  4:45  Marauder  
  43  4:52  Barracks Tech Lab  
  43  4:54  Stimpack  
  43  4:55  Factory  
  43  4:57  Factory  
  43  5:01  Supply Depot  
  43  5:06  Marine  
  44  5:07  Command Center  
  44  5:10  Combat Shields  
  44  5:24  Terran Infantry Weapons Level 1  
  44  5:40  Factory Tech Lab  
  44  5:41  Factory Tech Lab  
  44  5:44  Starport  
  44  5:47  Starport  
  44  5:49  Missile Turret  
  44  5:52  Missile Turret  
  44  5:59  Siege Tank  
  47  6:06  Widow Mine  
  49  6:15  Bunker  
  49  6:19  SCV  
  49  6:21  SCV, Refinery  
  51  6:29  Concussive Shells  
  51  6:31  SCV, Siege Tank  
  55  6:33  SCV  
  55  6:35  Widow Mine  
  58  6:41  Missile Turret  
  58  6:43  SCV  
  58  6:45  SCV  
  60  6:55  SCV  
  60  6:57  SCV  
  62  7:02  Missile Turret  
  62  7:03  Refinery, Starport Tech Lab  
  62  7:04  Starport Tech Lab  
  62  7:08  SCV  
  63  7:09  SCV  
  63  7:10  Barracks  
  64  7:18  Terran Infantry Armor Level 1  
  64  7:20  SCV  
  64  7:21  SCV  
  64  7:22  Raven  
  66  7:23  Bunker  
  66  7:24  Raven  
  66  7:25  Supply Depot  
  70  7:32  SCV, Sensor Tower  
  70  7:33  SCV  
  72  7:41  Armory  
  72  7:44  SCV  
  72  7:45  SCV  
  74  7:56  SCV  
  74  7:57  SCV  
  74  7:58  Barracks Reactor  
  76  8:01  Supply Depot  
  76  8:08  SCV  
  76  8:10  SCV  
  78  8:20  SCV  
  79  8:49  Viking, Medivac  
  79  8:52  Supply Depot  
  83  8:57  Siege Tank  
  86  9:04  Command Center  
  86  9:14  Thor  
  92  9:17  Supply Depot  
  92  9:19  Raven, Medivac  
  96  9:29  Marine  
  95  9:36  Marine  
  91  9:42  Marine  
  91  9:43  Supply Depot  
  92  9:49  Medivac, Marine  
  95  9:54  Terran Infantry Weapons Level 2  
  95  9:55  Marine  
  96  10:02  Banshee  
  96  10:06  Engineering Bay  
  99  10:08  Supply Depot  
  99  10:17  SCV  
  99  10:18  SCV  
  99  10:19  Viking  
  99  10:20  SCV  
  104  10:24  Terran Vehicle Weapons Level 1  
  104  10:29  SCV  
  104  10:30  SCV, Refinery  
  104  10:32  SCV, Terran Infantry Armor Level 2  
  104  10:35  Missile Turret  
  107  10:36  Missile Turret  
  107  10:37  Refinery  
  107  10:41  SCV  
  108  10:43  SCV  
  108  10:44  SCV  
  108  10:45  Viking  
  108  10:49  Viking  
  114  10:53  SCV  
  114  10:55  SCV, Ghost Academy  
  114  10:56  SCV  
  117  10:57  Bunker  
  117  11:05  SCV  
  117  11:06  Fusion Core  
  118  11:16  Armory  
  118  12:03  Terran Vehicle And Ship Armor Level 1  
  118  12:18  Terran Ship Weapons Level 1  
  118  12:51  Hellion  
  120  12:52  Terran Infantry Weapons Level 3, Terran Infantry Armor Level 3  
  120  12:54  Hellion  
  120  12:56  Supply Depot  
  120  12:57  Marine  
  122  13:01  Marine  
  122  13:05  Command Center, Marine  
  124  13:08  Marine  
  119  13:13  Hellion  
  119  13:16  Hellion  
  121  13:20  Supply Depot  
  121  13:28  Infernal Pre-Igniter  
  121  13:34  Siege Tank  
  124  13:37  Siege Tank  
  127  13:57  Terran Vehicle Weapons Level 2  
  127  14:06  Siege Tank  
  127  14:09  Siege Tank  
  133  14:12  Terran Vehicle And Ship Armor Level 2  
  133  14:19  SCV  
  134  14:24  High Capacity Fuel Tanks  
  134  14:38  Siege Tank  
  137  14:42  Refinery  
  137  14:44  Missile Turret  
  137  14:47  Missile Turret  
  137  14:48  Refinery  
  137  15:09  Bunker  
  137  15:28  Neosteel Frame  
  137  15:29  Building Armor  
  137  16:06  Command Center  
  137  16:12  Terran Ship Weapons Level 2  
  137  16:18  Marine  
  138  16:19  Marauder, Marine x2  
  142  16:26  Supply Depot  
  142  16:35  Ghost  
  142  16:37  Marine x2  
  144  16:41  Marauder  
  144  16:44  Raven  
  144  16:55  Marine x2  
  144  16:56  Supply Depot  
  136  17:01  Marine  
  136  17:05  Marauder  
  100  17:13  Marine x2  
  100  17:19  Marine  
  101  17:25  Marine  
  102  17:30  Marine  
  102  17:31  Marine  
  102  17:35  Refinery  
  104  17:38  Marauder  
  104  17:39  Missile Turret  
  104  17:43  Missile Turret  
  108  17:44  Marauder  
  108  17:46  Refinery  
  108  17:48  Marine x2  
  110  17:58  Marine  
  113  18:05  Marauder  
  113  18:06  Marine x2  
  113  18:08  Bunker  
  115  18:16  Marine  
  116  18:24  Marine x2  
  116  18:26  Marine  
  119  18:34  Marine  
  119  18:38  Hi-Sec Auto Tracking  
  119  18:39  Terran Vehicle Weapons Level 3  
  119  18:40  Terran Ship Weapons Level 3  
  120  18:42  Marine x2  
  120  18:44  Marauder  
  124  18:52  Ghost  
  126  19:06  Marauder  
  128  19:13  Marine  
  128  19:14  Marine  
  112  19:21  Raven, Marauder  
  83  19:27  Marauder  
  83  19:31  Marine  
  85  19:32  Marine  
  87  19:42  Marine  
  88  19:47  Raven  
  88  19:48  Marine  
  88  19:49  Marine  
  88  19:50  Marine  
  89  20:00  Marauder  
  89  20:04  Medivac  
  89  20:06  Marine x2  
  86  20:08  Marine  
  86  20:09  Command Center  
  75  20:21  Marine  
  75  20:24  Marine x2  
  75  20:25  Marine  
  79  20:30  Medivac  
  79  20:34  Raven  
  83  20:39  Marine  
  83  20:41  Marine  
  83  20:42  Marine  
  85  20:43  Marine  
  78  20:57  Marine  
  78  20:59  Marine  
  78  21:00  Medivac, Marine  
  78  21:01  Marine  
  84  21:14  Marine  
  84  21:18  Marine, Marauder  
  88  21:19  Marine  
  89  21:30  Refinery  
  89  21:33  Marauder  
  89  21:34  Missile Turret  
  89  21:35  Marine  
  89  21:37  Marine  
  89  21:38  Marine  
  87  21:43  SCV, Missile Turret  
  87  21:44  Refinery  
  87  21:46  Raven  
  82  21:47  Raven  
  82  21:53  Marine  
  82  21:54  Marine  
  71  21:55  Marine  
  71  21:57  Marauder  
  74  22:06  SCV, Bunker  
  72  22:11  Marine x2  
  72  22:12  Marine  
  72  22:17  Hellion  
  72  22:18  Marine  
  72  22:20  Hellion  
  77  22:25  SCV  
  77  22:29  Viking, Marine x2  
  81  22:30  Marine, Medivac  
  81  22:36  Marauder  
  86  22:38  Hellion  
  86  22:42  SCV  
  86  22:43  SCV  
  87  22:45  SCV  
  87  22:47  Marine x2  
  87  22:48  SCV, Marine  
  87  22:49  SCV  
  87  22:50  Hellion  
  90  22:54  SCV  
  91  22:59  Siege Tank  
  91  23:00  Medivac  
  91  23:04  Marine  
  99  23:09  SCV  
  99  23:11  Hellion  
  99  23:12  SCV, Marauder  
  102  23:14  SCV  
  101  23:26  SCV, Marine  
  98  23:27  SCV  
  98  23:29  SCV  
  95  23:34  SCV  
  95  23:38  Starport  
  95  23:40  SCV  
  92  23:45  SCV  
  92  23:47  SCV  
  92  23:48  Barracks Tech Lab  
  80  23:49  SCV, Barracks Tech Lab  
  80  23:51  SCV  
  80  23:52  SCV, Fusion Core  
  66  23:57  SCV  
  66  23:59  SCV  
  60  24:03  SCV  
  60  24:05  SCV  
  60  24:14  SCV  
  60  24:16  SCV  
  58  24:38  Supply Depot  
  53  25:09  Supply Depot  
  53  25:26  Command Center  
  52  25:36  Refinery  
  52  25:41  Barracks  
  52  26:00  Command Center  
  50  26:30  Marine  
  51  26:40  Orbital Command  
  49  26:48  Marine  
  47  27:05  Marine  
  37  27:49  Refinery  
  22  28:26  Command Center  
  15  29:09  Command Center  
Show
View Real Time Build Order
Export as new Build Order

A.I. 3 (Hard) Terran 

Build Orders: MMM Bio 

Get SALT Encoding   

  12  0:01  SCV  
  13  0:13  SCV  
  14  0:18  Supply Depot  
  14  0:25  SCV  
  15  0:39  SCV  
  16  0:43  Barracks  
  16  0:50  Refinery  
  16  0:52  SCV  
  17  1:04  SCV  
  18  1:16  SCV  
  19  1:21  Supply Depot  
  19  1:28  SCV  
  19  1:30  Marine  
  21  1:42  Barracks, Orbital Command  
  21  1:49  Barracks Tech Lab, Refinery  
  21  2:07  Marine  
  22  2:09  Supply Depot  
  22  2:26  Marauder  
  22  2:29  Marine  
  25  2:41  Supply Depot  
  25  2:46  Marine  
  25  2:47  Marine  
  27  2:55  SCV  
  28  3:05  Marine, Marauder  
  30  3:07  SCV  
  30  3:09  Engineering Bay  
  33  3:20  SCV  
  33  3:23  Marine  
  33  3:26  Supply Depot, Marauder  
  36  3:32  SCV  
  37  3:41  Marine  
  37  3:44  SCV  
  37  3:47  Marine  
  40  3:56  SCV  
  41  4:05  Marauder  
  43  5:07  Barracks Tech Lab  
  43  5:09  Terran Infantry Weapons Level 1, Stimpack, Marine  
  43  5:10  Factory  
  44  5:14  Command Center, Factory  
  44  5:16  Missile Turret  
  44  5:25  Concussive Shells  
  44  5:27  Marauder  
  44  5:28  Marauder  
  48  5:38  Missile Turret  
  48  5:41  Ghost Academy  
  48  5:43  Supply Depot  
  48  5:54  Factory Tech Lab  
  48  5:58  Starport  
  48  6:00  Starport  
  48  6:03  Bunker  
  48  6:04  Factory Tech Lab  
  48  6:08  Combat Shields  
  48  6:10  Ghost  
  50  6:27  SCV  
  50  6:28  Barracks  
  50  6:29  SCV  
  50  6:32  Refinery, Missile Turret  
  52  6:36  Starport Tech Lab x2  
  52  6:38  Missile Turret  
  52  6:39  SCV  
  53  6:41  SCV  
  54  6:51  SCV  
  54  6:53  SCV  
  56  6:56  Raven  
  56  6:59  Bunker  
  58  7:01  Raven  
  58  7:03  Terran Infantry Armor Level 1, SCV  
  58  7:05  SCV  
  62  7:14  Refinery  
  62  7:15  SCV  
  62  7:16  Sensor Tower  
  62  7:17  SCV  
  64  7:28  SCV  
  64  7:29  SCV  
  66  7:30  Armory  
  66  7:33  Barracks Reactor  
  66  7:40  SCV  
  66  7:41  SCV  
  68  7:52  SCV  
  68  7:53  SCV  
  68  7:56  Supply Depot  
  70  8:04  SCV  
  71  8:05  SCV  
  72  8:16  SCV  
  72  8:17  SCV  
  74  9:01  Reaper, Medivac x2  
  74  9:02  Terran Infantry Weapons Level 2  
  79  9:05  Supply Depot, Marine  
  79  9:08  Marine  
  79  9:09  Engineering Bay  
  81  9:12  Marine  
  81  9:13  Terran Vehicle Weapons Level 1  
  82  9:23  Command Center  
  82  9:26  Marine  
  82  9:29  Supply Depot  
  82  9:30  Marine  
  83  9:31  Raven, Medivac  
  83  9:34  Terran Infantry Armor Level 2, Marine  
  83  9:37  Reaper  
  82  9:44  Marine  
  83  9:48  Marine  
  83  9:50  Fusion Core  
  83  9:51  Marine  
  85  10:00  Armory  
  85  10:02  Marine  
  85  10:05  Marine  
  87  10:09  Marine  
  88  10:36  SCV  
  88  10:37  SCV, Refinery  
  88  10:39  SCV  
  91  10:47  Terran Vehicle And Ship Armor Level 1  
  91  10:48  SCV  
  91  10:49  SCV  
  93  10:51  SCV  
  93  10:53  Missile Turret  
  93  10:54  Missile Turret  
  94  10:57  Refinery  
  94  11:00  SCV  
  94  11:01  SCV  
  94  11:03  SCV  
  97  11:07  Terran Ship Weapons Level 1  
  97  11:12  SCV  
  97  11:14  SCV, Bunker  
  97  11:16  SCV  
  100  11:24  SCV  
  101  11:26  SCV  
  102  12:29  Hellion  
  104  12:30  Terran Infantry Weapons Level 3  
  104  12:32  Supply Depot  
  104  12:33  Viking  
  106  12:37  Terran Infantry Armor Level 3  
  106  12:38  Hellion  
  108  12:45  Terran Vehicle Weapons Level 2  
  108  12:51  Siege Tank  
  111  12:54  Marauder  
  111  12:56  Supply Depot  
  111  12:57  Viking  
  115  13:02  Command Center, Thor  
  121  13:05  Terran Vehicle And Ship Armor Level 2  
  121  13:15  Marauder  
  119  13:22  Supply Depot  
  119  13:23  Hellion  
  121  13:44  Hellion  
  121  13:45  Cyclone  
  121  13:47  Banshee  
  121  13:48  Supply Depot  
  129  13:56  Infernal Pre-Igniter  
  129  14:05  Siege Tank  
  132  14:15  Supply Depot  
  132  14:17  Siege Tank  
  132  14:23  High Capacity Fuel Tanks  
  135  14:28  Refinery  
  135  14:36  Missile Turret  
  135  14:38  Cyclone  
  138  14:40  Missile Turret  
  138  14:42  Refinery  
  138  14:49  Thor  
  144  15:01  Terran Ship Weapons Level 2  
  144  15:03  Bunker  
  144  15:07  Hi-Sec Auto Tracking  
  144  15:14  Building Armor  
  144  15:22  Terran Vehicle Weapons Level 3  
  144  16:04  Command Center, Neosteel Frame  
  144  16:42  Marine  
  144  16:44  Marine  
  144  16:46  Marine  
  147  16:49  Marine  
  147  16:53  Supply Depot  
  148  17:00  Marine  
  149  17:02  Marauder  
  149  17:04  Marine  
  149  17:06  Marine  
  153  17:17  Terran Vehicle And Ship Armor Level 3, Marine  
  153  17:20  Refinery  
  153  17:22  Marine  
  155  17:24  Marine, Marauder  
  158  17:30  Missile Turret  
  158  17:34  Missile Turret  
  158  17:35  Ghost  
  160  17:39  SCV, Viking, Missile Turret  
  160  17:40  Marine  
  160  17:44  Viking  
  162  17:45  SCV  
  162  17:46  SCV  
  162  17:48  Marine  
  162  17:49  SCV  
  162  17:50  Supply Depot, Marine  
  146  17:58  Marine  
  136  17:59  Terran Ship Weapons Level 3  
  136  18:04  Command Center, Marine  
  134  18:05  Marine  
  134  18:08  Marine  
  134  18:10  Refinery  
  136  18:15  Marine  
  136  18:17  Refinery  
  137  18:20  SCV  
  137  18:22  Marine  
  137  18:23  Marine  
  137  18:25  Marine  
  137  18:26  SCV  
  140  18:33  Marine  
  137  18:35  Raven  
  137  18:40  Refinery, Marauder  
  132  18:41  Marine  
  132  18:43  Marine  
  132  18:45  SCV  
  126  18:50  Viking  
  126  18:51  Marine  
  126  18:52  Refinery  
  126  18:54  Hellion  
  131  18:55  SCV  
  131  18:59  Marauder  
  131  19:00  Ghost  
  131  19:01  Marine  
  135  19:03  SCV  
  135  19:05  Hellion  
  138  19:10  SCV  
  138  19:11  SCV  
  138  19:13  SCV  
  138  19:14  Missile Turret  
  138  19:15  SCV, Hellion  
  138  19:16  SCV  
  139  19:18  Viking, Missile Turret  
  139  19:21  Marauder  
  139  19:22  SCV  
  139  19:23  SCV  
  142  19:27  SCV  
  142  19:28  SCV  
  142  19:29  Missile Turret  
  143  19:34  SCV  
  143  19:35  SCV  
  143  19:37  Missile Turret  
  140  19:39  SCV  
  140  19:40  Command Center  
  140  19:41  SCV  
  142  19:46  SCV  
  142  19:48  Command Center  
  142  19:49  Command Center  
  143  20:00  Bunker  
  143  20:07  Ghost  
  143  20:09  Marine  
  143  20:12  Marine  
  96  20:14  Marine  
  96  20:16  SCV  
  96  20:18  SCV, Hellion  
  96  20:20  SCV  
  79  20:22  Hellion  
  79  20:27  Marine  
  79  20:28  SCV  
  82  20:29  Marine  
  82  20:30  SCV  
  82  20:32  SCV, Marine  
  84  20:35  Marine  
  84  20:38  Viking  
  84  20:40  SCV, Hellion  
  90  20:43  SCV  
  90  20:44  SCV  
  90  20:45  Marine  
  90  20:47  Marine  
  93  20:50  Marine  
  93  20:52  SCV, Viking  
  93  20:53  Marine  
  93  20:55  SCV  
  93  20:56  SCV  
  100  21:01  SCV  
  100  21:03  Marauder  
  102  21:04  SCV  
  102  21:05  Marine  
  102  21:07  SCV, Marine  
  102  21:09  SCV  
  102  21:10  Viking  
  109  21:11  Marine  
  109  21:13  SCV  
  109  21:16  SCV  
  112  21:19  SCV  
  112  21:21  SCV  
  112  21:23  Marine  
  112  21:24  Marine  
  112  21:25  SCV, Marine  
  117  21:28  SCV  
  117  21:29  Marine  
  117  21:31  SCV  
  121  21:32  Refinery  
  121  21:33  SCV  
  121  21:37  SCV  
  123  21:40  SCV  
  123  21:41  Missile Turret, Marine  
  123  21:42  Ghost  
  123  21:43  SCV, Marine  
  123  21:44  Missile Turret  
  123  21:45  SCV  
  130  21:47  Marauder  
  130  21:52  SCV  
  130  21:53  SCV  
  133  21:55  SCV  
  133  21:57  SCV  
  134  22:05  SCV x2  
  134  22:07  SCV  
  135  22:09  SCV, Marauder  
  135  22:11  Marauder  
  136  22:17  SCV x2  
  136  22:18  Command Center  
  136  22:19  SCV, Viking  
  136  22:21  SCV  
  139  22:23  Marine  
  139  22:26  Marine  
  139  22:29  Command Center, SCV, Marine  
  124  22:32  Marine  
  124  22:35  Hellion  
  124  22:38  SCV  
  124  22:40  SCV, Bunker  
  124  22:41  SCV, Marine  
  124  22:43  SCV  
  124  22:44  Marine  
  113  22:47  Marine  
  113  22:49  Viking  
  113  22:50  SCV, Medivac, Marine  
  109  22:52  SCV  
  109  22:53  SCV  
  109  22:55  SCV  
  107  22:59  Marine  
  107  23:01  Factory Tech Lab, Marine  
  107  23:02  SCV  
  108  23:05  SCV  
  108  23:06  Marauder  
  108  23:07  SCV  
  108  23:08  Marauder  
  108  23:09  SCV  
  112  23:14  SCV  
  112  23:17  SCV, Marine  
  112  23:19  SCV, Marine  
  116  23:20  Viking  
  116  23:21  SCV  
  116  23:26  Marine  
  95  23:29  Marine  
  74  23:35  Marine  
  74  23:36  Hellion  
  74  23:37  Marine  
  74  23:40  Siege Tank  
  74  23:44  Marine  
  74  23:48  Marine  
  61  23:56  Marine  
  61  23:57  Hellion  
  61  24:00  Marine  
  54  24:04  Marine  
  49  24:12  Marine  
  45  24:19  Hellion  
  45  24:20  Marine  
  37  24:25  Marine  
  37  24:29  Marine  
  35  24:33  Marine  
  30  24:39  SCV  
  30  24:40  Hellion  
  30  24:41  Marine  
  30  24:45  Marine  
  30  24:48  SCV  
  30  24:49  Marine  
  30  24:50  SCV  
  30  24:51  SCV  
  27  24:53  SCV  
  27  24:56  SCV  
  27  24:59  Marine  
  27  25:00  SCV  
  27  25:02  SCV  
  27  25:03  Marine  
  27  25:04  SCV, Hellion  
  33  25:07  Marine  
  34  25:18  SCV  
  34  25:20  Marine  
  33  25:24  SCV  
  33  25:25  Siege Tank  
  33  25:27  SCV  
  35  25:31  SCV  
  35  25:33  SCV  
  35  25:35  SCV  
  36  25:36  SCV  
  36  25:39  Marauder  
  35  25:43  SCV  
  35  25:53  Starport  
  33  25:57  SCV  
  33  26:00  SCV  
  37  26:05  SCV  
  37  26:06  SCV  
  34  26:13  Barracks  
  32  26:26  Command Center  
  29  26:33  Starport Tech Lab  
  13  27:09  Command Center  
  13  27:45  Supply Depot  
  5  28:15  SCV  
Tags
 
Add a new tag
Caveats
  • Supply blocks, unpowered buildings, or Contaminate may cause inaccurate times.
  • Supply counts are checked every 10 seconds.